 Dungeon Crawl Stone Soup version 0.19-a0-450-g98b348d (webtiles) character file.

15 ololoev the Firebug (level 2, -2/15 HPs)
             Began as a Deep Elf Fire Elementalist on June 1, 2016.
             Slain by an adder (3 damage)
             ... on level 3 of the Dungeon.
             The game lasted 00:01:45 (289 turns).

ololoev the Firebug (Deep Elf Fire Elementalist)     Turns: 289, Time: 00:01:46

Health: -2/15      AC:  2    Str:  5    XL:     2   Next: 34%
Magic:  4/8        EV: 13    Int: 19    God:
Gold:   23         SH:  0    Dex: 15    Spells: 1 memorised, 6 levels left

rFire  . . .     SeeInvis .     f - +3 dagger (pain)
rCold  . . .     Gourm    .     a - +0 robe
rNeg   . . .     Faith    .     (no shield)
rPois  .         Spirit   .     (no helmet)
rElec  .         Dismiss  .     (no cloak)
rCorr  .         Reflect  .     (no gloves)
SustAt .         Harm     .     (no boots)
MR     .....                    (no amulet)
Stlth  ++........               (no ring)
                                (no ring)

@: lethally poisoned (-2 -> -10), not resistant to hostile enchantments,
unstealthy
A: no striking features
a: no special abilities

Inventory:

Hand Weapons
 f - a +3 dagger of pain (weapon)
Armour
 a - a +0 robe (worn)
Scrolls
 d - a scroll of immolation {unknown}
 e - a scroll of remove curse {unknown}
 g - a scroll of identify {unknown}
 h - a scroll of teleportation {unknown}
 j - a scroll of blinking {unknown}
Books
 b - a book of Flames

   Spells                             Type                      Level
   a - Flame Tongue                   Conjuration/Fire             1
   b - Throw Flame                    Conjuration/Fire             2
   c - Conjure Flame                  Conjuration/Fire             3
   d - Inner Flame                    Hexes/Fire                   3
   e - Sticky Flame                   Conjuration/Fire             4
   f - Fireball                       Conjuration/Fire             5
Comestibles
 c - a bread ration
 i - a beef jerky


   Skills:
 - Level 2.4 Dodging
 - Level 2.4 Stealth
 + Level 3.4 Spellcasting
 * Level 1.9 Conjurations
 + Level 3.5 Fire Magic


You had 6 spell levels left.
You knew the following spells:

 Your Spells              Type           Power        Failure   Level  Hunger
a - Flame Tongue          Conj/Fire      ##...        6%          1    None


You were on level 3 of the Dungeon.
You were not hungry.

You visited 1 branch of the dungeon, and saw 4 of its levels.

You collected 23 gold pieces.

##..(..## #
##.......##
#.##.........#
#.'...).....+
###.........#
##.......##
##.....##
##...## ##@##
+....S#
#.##..# ##.#
.>. ... ..g
.....

Notes
Turn   | Place    | Note
--------------------------------------------------------------
     0 | D:1      | ololoev the Deep Elf Fire Elementalist began the quest for the Orb.
     0 | D:1      | Reached XP level 1. HP: 10/10 MP: 6/6
    63 | D:2      | Found a shimmering altar of Xom.
   130 | D:3      | Reached XP level 2. HP: 15/15 MP: 6/8
   135 | D:3      | Found a glowing golden altar of the Shining One.
   172 | D:4      | Noticed a phantom
   289 | D:3      | Slain by an adder

Dungeon Overview and Level Annotations

Branches:
Dungeon (4/15)
 Temple: D:4-7

Altars:
Xom
The Shining One


Message History

A rat comes into view.
You see here a scroll labeled YSOUNUI BIRYECH.
h - a scroll labeled YSOUNUI BIRYECH
Casting: Flame Tongue
Confirm with . or Enter, or press ? or * to list all spells.
Aiming: Flame Tongue
Press: ? - help, Shift-Dir - straight line, f - rat
Aim: a rat (resting)
The flame tongue hits the rat.
You kill the rat!
You now have 23 gold pieces (gained 15).
i - a beef jerky;
j - a scroll labeled JUIMYO LOFYSK You open the door.
A bat comes into view.
A kobold comes into view.
There is an open door here.
The kobold shouts!
The kobold wields a blowgun.
The kobold shoots a poisoned needle.
The poisoned needle hits you!
You are poisoned.
You see here a poisoned needle.
You feel sick.
The kobold shoots a poisoned needle.
The poisoned needle hits you!
You are lethally poisoned!
You see here a poisoned needle.
You aren't carrying any potions.
You feel sick. The bat hits you.
Casting: Flame Tongue
Confirm with . or Enter, or press ? or * to list all spells.
Aiming: Flame Tongue
Press: ? - help, Shift-Dir - straight line, f - kobold
Aim: a kobold, wielding a blowgun The flame tongue hits the kobold.
The kobold is severely wounded.
You feel sick. The bat hits you but does no damage.
Casting: Flame Tongue
Confirm with . or Enter, or press ? or * to list all spells.
Aiming: Flame Tongue
Press: ? - help, Shift-Dir - straight line, f/p - kobold
Aim: a kobold, wielding a blowgun (severely wounded)
The flame tongue hits the kobold.
You kill the kobold!
You feel sick. The bat hits you but does no damage.
Casting: Flame Tongue
Confirm with . or Enter, or press ? or * to list all spells.
Aiming: Flame Tongue
Press: ? - help, Shift-Dir - straight line, f - bat
Aim: a bat The flame tongue hits the bat.
The bat is severely wounded.
You feel sick. The bat closely misses you.
Casting: Flame Tongue
Confirm with . or Enter, or press ? or * to list all spells.
Aiming: Flame Tongue
Press: ? - help, Shift-Dir - straight line, f/p - bat
Aim: a bat (heavily wounded)
The flame tongue hits the bat.
You kill the bat!
You feel sick.
You feel sick.
You feel sick.
You open the door.
You feel sick.
You feel sick.
There is an open door here.
You feel sick.
You feel sick.
You open the door.
An adder and a goblin come into view.
You feel sick.
Found a stone staircase leading down.
There is an open door here.
Casting: Flame Tongue
Confirm with . or Enter, or press ? or * to list all spells.
Aiming: Flame Tongue
Press: ? - help, Shift-Dir - straight line, f - adder
Aim: an adder The flame tongue hits the adder.
The adder is heavily wounded.
The adder bites you.
You die...

You could see an adder and a goblin (sleeping).

Vanquished Creatures
  A giant cockroach (D:2)
  A hobgoblin (D:3)
  3 bats
  6 goblins
  2 kobolds
  A rat (D:3)
14 creatures vanquished.

Action                   || total
-------------------------++-------
Melee: Unarmed           ||     1
       Dagger            ||     1
 Cast: Flame Tongue      ||    22
Armor: Robe              ||     4
Dodge: Dodged            ||     8

Vault maps used:
D:1:      dpeg_arrival_simpleton_c, minmay_misc_feat_plants
D:2:      nicolae_overflow_hidden_temple, minmay_goblin_outpost
D:3:      grunt_temple_overflow_diamond, nicolae_tso_swordbearing_angel
D:4:      first_bread
